 Dungeon Crawl Stone Soup version 0.21-a0-401-g0b6bec4 (webtiles) character file.

91 Shymer the Ruffian (level 4, 0/38 HPs)
             Began as a Ghoul Monk on Oct 25, 2017.
             Was a Believer of Cheibriados.
             Killed from afar by 4thArraOfDagon's ghost (6 damage)
             ... with a zap
             ... on level 3 of the Dungeon.
             The game lasted 00:20:53 (1458 turns).

Shymer the Ruffian (Ghoul Monk)                     Turns: 1458, Time: 00:20:54

Health: 0/38       AC:  3    Str: 18    XL:     4   Next: 57%
Magic:  3/3        EV: 13    Int:  9    God:    Cheibriados [**....]
Gold:   49         SH:  0    Dex: 16    Spells: 3/3 levels left

rFire    . . .     SeeInvis .     - Unarmed
rCold    + . .     Gourm    .   (no shield)
rNeg     + + +     Faith    .   l - +0 leather armour
rPois    ∞         Spirit   .   v - +0 hat
rElec    .         Reflect  .   (no cloak)
rCorr    .         Harm     .   (no gloves)
MR       .....                  (no boots)
Stlth    ++........             (no amulet)
HPRegen  0.00/turn              d - ring of wizardry
MPRegen  0.08/turn              (no ring)

@: rotting, very slow
A: rotting body, claws 1, carnivore 3, cold resistance 1, negative energy
resistance 3, inhibited regeneration, torment resistance, unbreathing
a: Bend Time, Renounce Religion


You were on level 3 of the Dungeon.
You worshipped Cheibriados.
Cheibriados was pleased with you.
You were not hungry.

You visited 1 branch of the dungeon, and saw 4 of its levels.

You collected 49 gold pieces.

Inventory:

Hand Weapons
 h - a +0 mace
 q - a +0 whip of draining
 r - a +0 hunting sling
Missiles
 e - 14 bolts
 i - 18 arrows
 o - 8 poisoned needles
Armour
 g - a +0 helmet
 l - a +0 leather armour (worn)
 u - a +0 robe
 v - a +0 hat (worn)
Jewellery
 d - a ring of wizardry (left claw)
Scrolls
 c - 2 scrolls of remove curse
 j - a scroll of teleportation {unknown}
 k - a scroll of fog {unknown}
 t - a scroll of fear {unknown}
Potions
 a - a potion of might {unknown}
 f - a potion of magic {unknown}
 n - a potion of curing
 s - a potion of invisibility {unknown}
Comestibles
 b - a meat ration
 m - a royal jelly


   Skills:
 - Level 3.2 Fighting
 + Level 0.1 Armour
 - Level 2.7 Dodging
 - Level 2.1 Stealth
 + Level 5.6 Unarmed Combat


You had 3 spell levels left.
You didn't know any spells.

Dungeon Overview and Level Annotations

Branches:
Dungeon (4/15)
 Temple: D:4-7

Altars:
Cheibriados

Annotations:
D:3 4thArraOfDagon's ghost, weakling BaAE


Innate Abilities, Weirdness & Mutations

Your body is rotting away.
You thrive on raw meat.
You are immune to poison.
You have sharp fingernails.
You are carnivorous and can eat meat at any time.
Your flesh is cold resistant. (rC+)
You are immune to negative energy. (rN+++)
You do not regenerate when monsters are visible.
You are immune to unholy pain and torment.
You can survive without breathing.


Message History

4thArraOfDagon's ghost is heavily damaged. 4thArraOfDagon's ghost hits you.
You scratch 4thArraOfDagon's ghost but do no damage. 4thArraOfDagon's ghost is heavily damaged. 4thArraOfDagon's ghost hits you!
You closely miss 4thArraOfDagon's ghost. 4thArraOfDagon's ghost is heavily damaged. 4thArraOfDagon's ghost closely misses you.
You scratch 4thArraOfDagon's ghost. 4thArraOfDagon's ghost is severely damaged. 4thArraOfDagon's ghost misses you.
You barely miss 4thArraOfDagon's ghost. 4thArraOfDagon's ghost is severely damaged. 4thArraOfDagon's ghost hits you!
* * * LOW HITPOINT WARNING * * *
It was a potion of curing.
You feel better. 4thArraOfDagon's ghost hits you!
* * * LOW HITPOINT WARNING * * *
4thArraOfDagon's ghost gestures at you while chanting.
The zap hits you!
You die...

##........#
##...#####.#########
#....#####.........#
## #.....##.......##.#
#.###..............#.#
#[#...>.##.####..##.#
#....####.# #..##.#
#....# #.# #..##.#
#.#.## #@# #..##.# #
#.#.# ###.# #..##.# #
#.#.# #.W.# #..##.# ##
#.#.###.### #..##.#
##. ##....##.# #.....#
#<. #...#.##.#
#..########..
#.....##)##
#............
#.........#
#>.#.........
#.######(.#
#..#.########


You could see 4thArraOfDagon's ghost.

Vanquished Creatures
  2 adders
  3 oozes
  A worm (D:2)
  A dart slug (D:2)
  2 leopard geckos
  3 giant cockroaches
  3 hobgoblins (D:1)
  10 jackals (D:1)
  10 kobolds
  2 bats
  6 frilled lizards
  5 goblins
  4 rats (D:1)
52 creatures vanquished.

Notes
Turn   | Place    | Note
-------+----------+-------------------------------------------
     0 | D:1      | Shymer the Ghoul Monk began the quest for the Orb.
     0 | D:1      | Reached XP level 1. HP: 19/19 MP: 0/0
    67 | D:1      | Reached XP level 2. HP: 26/26 MP: 1/1
    96 | D:1      | Reached skill level 4 in Unarmed Combat
   233 | D:1      | Reached XP level 3. HP: 30/31 MP: 2/2
   409 | D:1      | Reached skill level 5 in Unarmed Combat
   609 | D:2      | Reached XP level 4. HP: 38/38 MP: 3/3
  1270 | D:2      | Found a snail-covered altar of Cheibriados.
  1286 | D:2      | Became a worshipper of Cheibriados the Contemplative
  1286 | D:2      | Reached * piety under Cheibriados
  1286 | D:2      | Reached ** piety under Cheibriados
  1436 | D:3      | Noticed 4thArraOfDagon's ghost (weakling BaAE)
  1458 | D:3      | Killed from afar by 4thArraOfDagon's ghost

Vault maps used:
D:1:      eino_arrival_cavern_c
D:2:      lemuel_doored_altar, first_bread, corexii_leaking_fountain,
          feat_on_display
D:3:      makhleb_blood_cavern_becter, uniq_terence
D:4:      serial_shops, shop, shop, shop, shop, shop_statue

Skill      XL: |  1  2  3 |
---------------+----------+-----
Unarmed Combat | 4 5 |  5.6
Fighting       | |  3.2
Armour         | |  0.1
Dodging        | |  2.7
Stealth        | |  2.1

Action                   |  1- 3 |  4- 6 || total
-------------------------+-------+-------++-------
Melee: Unarmed           |    82 |    37 ||   119
       Punch             |       |     2 ||     2
Throw: Javelin           |       |     4 ||     4
  Use: Scroll            |     1 |       ||     1
       Potion            |       |     1 ||     1
 Stab: Sleeping          |     1 |       ||     1
  Eat: Chunk             |     6 |    10 ||    16
Armor: Robe              |    14 |       ||    14
       Scale mail        |     2 |     2 ||     4
       Leather armour    |       |     4 ||     4
Dodge: Dodged            |    50 |    20 ||    70

Table legend:
 A = Spawn XP
 B = Non-spawn XP
 C = Spawn XP percentage of total XP
 D = Spawn monster count
 E = Non-spawn monster count
 F = Spawn count percentage of total count
 G = Total turns spent on level
                    A         B        C        D         E        F      G
               +---------+---------+-------+---------+---------+-------+---------
         Total |       0 |     130 |   0.0 |       0 |      52 |   0.0 |  1458
               +---------+---------+-------+---------+---------+-------+---------
           D:1 |       0 |      65 |   0.0 |       0 |      34 |   0.0 |   450
           D:2 |       0 |      48 |   0.0 |       0 |      16 |   0.0 |   878
           D:3 |       0 |      17 |   0.0 |       0 |       2 |   0.0 |   128
               +---------+---------+-------+---------+---------+-------+---------
